 Dungeon Crawl Stone Soup version 0.29.1-2-gbd0b4ee654 (webtiles) character file.

Game seed: 18407178437795902092

8753 unlimited1921 the Thaumaturge (level 11, -14/68 HPs)
             Began as a Djinni Fire Elementalist on Nov 3, 2022.
             Was an Initiate of Gozag.
             Demolished by a swamp worm (28 damage)
             ... in a Gauntlet.
             The game lasted 01:14:09 (12796 turns).

unlimited1921 the Thaumaturge (DjFE)               Turns: 12796, Time: 01:14:10

Health: -14/68     AC:  4    Str:  7    XL:     11   Next: 61%
Gold:   668        EV: 14    Int: 20    God:    Gozag SH:  7 Dex: 13

rFire   + + +      SeeInvis .   (no weapon)
rCold   x . .      Faith    .   W - +0 kite shield
rNeg    . . .      Spirit   .   b - +1 leather armour of the Watchman {Harm +Inv Str-4 Slay+5}
rPois   ∞          Reflect  .   x - +1 helmet
rElec   .          Harm     +   m - scarf {harm}
rCorr   +          Rampage  .   (no gloves)
Will    ++...      NoTele   +   (boots unavailable)
Stlth   ++++......              s - amulet of regeneration
HPRegen 1.01/turn               c - +4 ring of evasion
MPRegen 0.00/turn               Q - ring of Morality {Fly rF++ Will+ rCorr Stlth+}

@: flying
A: sickness immunity, fire resistance 2, cold vulnerability 1, float, innate
caster, HP casting, extra vitality 1, deformed body, strong 1
a: Renounce Religion, Evoke Invisibility, Potion Petition, Call Merchant, Bribe
Branch


You were in a Gauntlet.
You worshipped Gozag.
Gozag was pleased with you.
You visited 3 branches of the dungeon, and saw 11 of its levels.
You also visited: Gauntlet.

You collected 1425 gold pieces.
You spent 660 gold pieces at shops.
You paid 97 gold pieces to Gozag.

Inventory:

Hand Weapons
 a - a +4 halberd
 v - a +0 triple crossbow
 z - a +4 whip
 E - a +3 flail
 F - a +3 hand axe
 K - a +2 quarterstaff of chaos
 M - a +6 great sword
 P - a +0 whip of freezing
 V - a +2 spear of venom
Missiles
 A - a throwing net
Armour
 b - the +1 leather armour of the Watchman (worn) {Harm +Inv Str-4 Slay+5}
   (You found it on level 8 of the Dungeon)

   Str:       It affects your strength (-4).
   Slay:      It affects your accuracy & damage with ranged weapons and melee
   (+5).
   +Inv:      It lets you turn invisible.
   Harm:      It increases damage dealt and taken.
 d - a +0 leather armour
 m - a scarf of harm (worn)
 x - a +1 helmet (worn)
 L - a +0 cloak of poison resistance
 W - a +0 kite shield (worn)
 X - a +4 ring mail
Jewellery
 c - a +4 ring of evasion (left hand)
 s - an amulet of regeneration (around neck)
 Q - the ring of Morality (right hand) {Fly rF++ Will+ rCorr Stlth+}
   (You bought it in a shop on level 2 of the Dungeon)

   [ring of willpower]

   rF:        It greatly protects you from fire.
   Fly:       It grants you flight.
   rCorr:     It protects you from acid and corrosion.
   Will:      It increases your willpower.
   Stlth:     It makes you more stealthy.
Wands
 h - a wand of acid (2)
 p - a wand of paralysis (19) (quivered)
 r - a wand of polymorph (6)
 u - a wand of iceblast (4)
 D - a wand of flame (18)
 O - a wand of digging (2)
 R - a wand of mindburst (10)
Scrolls
 f - 3 scrolls of immolation
 g - 3 scrolls of teleportation {unknown}
 i - a scroll of fog
 j - 3 scrolls of fear {unknown}
 l - a scroll of poison
 w - a scroll of silence
 y - 3 scrolls of magic mapping {unknown}
 B - 2 scrolls of brand weapon
 H - a scroll of blinking
 S - a scroll of noise {unknown}
Potions
 e - a potion of brilliance {unknown}
 k - a potion of resistance
 n - 2 potions of invisibility {unknown}
 o - a potion of attraction
 q - a potion of curing
 t - a potion of mutation
 C - 3 potions of heal wounds
 G - 2 potions of lignification {unknown}
 I - a potion of haste
 J - 2 potions of berserk rage {unknown}
 N - a potion of degeneration {unknown}
 T - a potion of might {unknown}
 U - a potion of cancellation {unknown}


   Skills:
 + Level 1.7 Fighting
 + Level 2.1 Armour
 + Level 4.1 Dodging
 + Level 5.0 Stealth
 * Level 1.4 Shields
 + Level 12.3 Spellcasting
 + Level 1.2 Evocations


You had 7 spell levels left.
You knew the following spells:

 Your Spells              Type           Power      Damage    Failure   Level
a - Foxfire               Conj/Fire      100%       2x1d9     1%          1
b - Scorch                Fire           100%       2d10      1%          2
c - Conjure Flame         Conj/Fire      58%        6-21      1%          3
d - Inner Flame           Hex/Fire       58%        N/A       1%          3
e - Flame Wave            Conj/Fire      58%        2d14      1%          4
f - Magic Dart            Conj           100%       1d8       1%          1
g - Passwall              Tmut/Erth      48%        N/A       1%          2
h - Spider Form           Tmut/Pois      58%        N/A       1%          3
i - Mephitic Cloud        Conj/Pois/Air  58%        N/A       1%          3
j - Yara's Violent Unrav  Hex/Tmut       29%        3d12      4%          5
Your spell library was empty.

Dungeon Overview and Level Annotations

Branches:
Dungeon (9/15)             Temple (1/1) D:5            Lair (1/5) D:9
Gauntlet (1/1)
    Orc: D:9-12

Altars:
Ashenzari
Dithmenos
Elyvilon
Fedhas
Gozag
Hepliaklqana
Makhleb
Nemelex Xobeh
Okawaru
Qazlal
Ru
Trog
Uskayaw
Wu Jian
Xom
Yredelemnul
The Shining One

Shops:
D:2 =

Annotations:
Gauntlet 11 transporters, 3 runed translucent doors, exclusion: orange crystal statue


Innate Abilities, Weirdness & Mutations

You are immune to sickness and miasma.
You are immune to poison.
Your flesh is very heat resistant. (rF++)
You are vulnerable to cold. (rC-)
You float through the air rather than walking.
You learn spells naturally, not from books.
Your magical power is your life essence.
You have superior vitality. (+4 MHP)
Armour fits poorly on your strangely shaped body.
Your muscles are strong. (Str +4, Int/Dex -1)


Message History

You kill the swamp worm!
The fiery explosion engulfs you. You resist.
You are engulfed in blazing flames.
You resist.
Casting: Flame Wave (dangerous; 1% risk of failure)
Confirm with . or Enter, or press ? or * to list all spells.
You conjure some foxfire!
You are engulfed in blazing flames.
You resist.
Casting: Foxfire (safe; 1% risk of failure)
Confirm with . or Enter, or press ? or * to list all spells.
You conjure some foxfire!
You are engulfed in blazing flames.
You resist.
Casting: Foxfire (safe; 1% risk of failure)
Confirm with . or Enter, or press ? or * to list all spells.
You conjure some foxfire!
You are engulfed in blazing flames.
You resist.
The swamp worm is distracted by your dazzling golden aura.
Casting: Foxfire (safe; 1% risk of failure)
Confirm with . or Enter, or press ? or * to list all spells.
You conjure some foxfire!
You are engulfed in blazing flames.
You resist.
Your foxfire dissipates!
Casting: Foxfire (safe; 1% risk of failure)
Confirm with . or Enter, or press ? or * to list all spells.
You conjure some foxfire!
You are engulfed in blazing flames.
You resist.
The swamp worm is no longer distracted by gold.
Your foxfire dissipates!
You are engulfed in blazing flames.
You resist.
The swamp worm is distracted by your dazzling golden aura.
Casting: Foxfire (safe; 1% risk of failure)
Confirm with . or Enter, or press ? or * to list all spells.
You conjure some foxfire!
You are engulfed in blazing flames.
You resist.
Your foxfire dissipates! x2
Your foxfire dissipates!
You now have 665 gold pieces (gained 3).
Your foxfire dissipates!
The swamp worm is no longer distracted by gold.
You now have 668 gold pieces (gained 3).
The swamp worm fires a harpoon shot at you.
The harpoon shot hits you!
* * * LOW HITPOINT WARNING * * *
You are yanked forward by the harpoon shot.
The swamp worm bites you!!
You die...
Your body crumbles into a pile of gold.

####≈≈≈≈≈#### #≈≈...♣...≈≈#
#≈..∩...∩..≈# ####.....©.....####
#≈≈..#########..≈≈#
#≈...#.......#...≈#
####..♣.#.$####.#.♣..####
#≈≈..P..#.#w....#.P...≈≈#
#≈..♣P..#.#.@####.P.♣..≈#
####.....P.#.#.#.!.#..PPP..####
#≈≈..♣PP.♣.#.#.#.)##.♣PP.♣..≈≈#
#≈.........#...#.#©#.........≈#
##...#######################...##
≈....#©.........©.........©#....≈
..#############################..
..#.phhh###...........#...©#..#..
♣.#.###h###..P#≈#≈#P..#.##.#..#.♣


You could see a swamp worm.

Vanquished Creatures
  A two-headed ogre (D:8)
  Pikel (D:7)
  An elephant (D:9)
  Psyche (D:9)
  3 kobold demonologists (D:7)
  Prince Ribbit (D:5)
  Grinder (D:3)
  A hornet (D:9)
  Sigmund (D:2)
  A wyvern (D:9)
  13 yaks
  A basilisk (D:9)
  2 swamp worms (Gauntlet)
  2 orc warriors
  2 black bears
  2 ice beasts (D:7)
  A sky beast (D:5)
  3 lemures (D:7)
  2 centaurs
  2 kobold brigands (D:9)
  3 bullfrogs
  A necrophage (D:6)
  A gnoll sergeant (D:9)
  4 scorpions
  15 wights
  A howler monkey (D:7)
  4 killer bees (D:8)
  Crazy Yiuf (D:6)
  4 jellies
  3 hounds (D:5)
  6 orc priests
  An iguana (D:6)
  5 orc wizards
  10 gnolls
  5 adders
  2 shadow imps
  2 white imps
  5 worms
  6 dart slugs
  25 orcs
  6 ball pythons
  4 endoplasms
  6 giant cockroaches
  7 hobgoblins
  3 jackals (D:1)
  16 kobolds
  2 quokkas
  8 bats
  3 frilled lizards
  5 goblins
  5 rats
211 creatures vanquished.

Vanquished Creatures (collateral kills)
  A foxfire (D:6)
1 creature vanquished.

Vanquished Creatures (others)
  636 foxfires
  A fungus (Gauntlet)
  5 plants
642 creatures vanquished.

Grand Total: 854 creatures vanquished

Notes
Turn   | Place    | Note
-------+----------+-------------------------------------------
     0 | D:1      | unlimited1921 the Djinni Fire Elementalist began the quest
                  | for the Orb.
     0 | D:1      | unlimited1921 set off with the following spells memorised:
                  | Foxfire, Scorch, Conjure Flame, Inner Flame, Flame Wave.
     0 | D:1      | Reached XP level 1. HP: 15/15 MP: 0/0
   395 | D:1      | Reached XP level 2. HP: 19/21 MP: 0/0
  1304 | D:1      | Reached XP level 3. HP: 15/25 MP: 0/0
  1304 | D:1      | Learned a level 1 spell: Magic Dart
  1736 | D:1      | Reached skill level 3 in Spellcasting
  2017 | D:1      | Found a faded altar of an unknown god.
  2053 | D:2      | Noticed Sigmund
  2057 | D:2      | Killed Sigmund
  2058 | D:2      | Reached skill level 4 in Spellcasting
  2058 | D:2      | Reached XP level 4. HP: 21/31 MP: 0/0
  2058 | D:2      | Reached XP level 5. HP: 24/35 MP: 0/0
  2058 | D:2      | Learned a level 2 spell: Passwall
  2242 | D:2      | Reached XP level 6. HP: 27/40 MP: 0/0
  2446 | D:2      | Found Onoulam's One-of-a-Kind Rings.
  4011 | D:3      | Found a broken altar of Ashenzari.
  4012 | D:3      | Found a shadowy altar of Dithmenos.
  4012 | D:3      | Found a sacrificial altar of Ru.
  4017 | D:3      | Found a hide-covered altar of Uskayaw.
  4609 | D:3      | Noticed Grinder
  4611 | D:3      | Killed Grinder
  4612 | D:3      | Reached skill level 5 in Spellcasting
  4612 | D:3      | Reached XP level 7. HP: 42/46 MP: 0/0
  4612 | D:3      | Learned a level 3 spell: Spider Form
  5626 | D:4      | Found a hazy altar of Hepliaklqana.
  6201 | D:5      | Entered Level 5 of the Dungeon
  6277 | D:5      | Noticed Prince Ribbit
  6285 | D:5      | Killed Prince Ribbit
  6286 | D:5      | Reached skill level 6 in Spellcasting
  6286 | D:5      | Reached XP level 8. HP: 51/51 MP: 0/0
  6313 | D:5      | Gained mutation: You are occasionally teleported next to
                  | monsters. [potion of mutation]
  6313 | D:5      | Gained mutation: Your spells are a little easier to cast,
                  | but a little less powerful. [potion of mutation]
  6313 | D:5      | Gained mutation: You occasionally lose the ability to read
                  | scrolls when taking damage. [potion of mutation]
  6314 | D:5      | Lost mutation: Your spells are a little easier to cast, but
                  | a little less powerful. [potion of mutation]
  6314 | D:5      | Lost mutation: You occasionally lose the ability to read
                  | scrolls when taking damage. [potion of mutation]
  6314 | D:5      | Gained mutation: Your flesh is almost immune to the effects
                  | of heat. (rF+++) [potion of mutation]
  6314 | D:5      | Gained mutation: You are robust. (+10% HP) [potion of
                  | mutation]
  6472 | D:5      | Found a staircase to the Ecumenical Temple.
  6549 | D:5      | Reached skill level 7 in Spellcasting
  7365 | Temple   | Entered the Ecumenical Temple
  7579 | Temple   | Became a worshipper of Gozag Ym Sagoz the Greedy
  7661 | D:6      | Reached XP level 9. HP: 59/61 MP: 0/0
  7661 | D:6      | Learned a level 3 spell: Mephitic Cloud
  7673 | D:6      | Reached skill level 8 in Spellcasting
  8347 | D:6      | Found a runed translucent door.
  8348 | D:6      | Noticed Crazy Yiuf
  8360 | D:6      | Killed Crazy Yiuf
  8448 | D:7      | Noticed a kobold demonologist
  8450 | D:7      | Noticed a smoke demon
  8453 | D:7      | Noticed a kobold demonologist
  8456 | D:7      | Noticed a kobold demonologist
  8471 | D:7      | Noticed a smoke demon
  8471 | D:7      | Killed a kobold demonologist
  8485 | D:7      | Noticed an orange demon
  8493 | D:7      | Noticed a soul eater
  8495 | D:7      | Killed a kobold demonologist
  8496 | D:7      | Reached skill level 1 in Fighting
  8496 | D:7      | Reached skill level 9 in Spellcasting
  8555 | D:7      | Killed a kobold demonologist
  8556 | D:7      | Reached XP level 10. HP: 51/68 MP: 0/0
  8608 | D:7      | Reached skill level 10 in Spellcasting
  8608 | D:7      | Reached skill level 1 in Evocations
  8848 | D:7      | Noticed Pikel
  8860 | D:7      | Killed Pikel
  9541 | D:8      | Noticed a two-headed ogre
  9559 | D:8      | Killed a two-headed ogre
  9560 | D:8      | Reached skill level 11 in Spellcasting
  9665 | D:8      | Reached skill level 1 in Armour
 10101 | D:8      | Reached XP level 11. HP: 66/73 MP: 0/0
 10101 | D:8      | Learned a level 5 spell: Yara's Violent Unravelling
 10354 | D:8      | Identified the +1 leather armour of the Watchman {Harm +Inv
                  | Str-4 Slay+5}
 10723 | D:8      | Lost mutation: You are robust. (+10% HP) [potion of
                  | mutation]
 10723 | D:8      | Lost mutation: You are occasionally teleported next to
                  | monsters. [potion of mutation]
 10723 | D:8      | Gained mutation: You are agile. (Dex +4, Str/Int -1)
                  | [potion of mutation]
 10723 | D:8      | Lost strength.
 10723 | D:8      | Gained mutation: You are weak. (Str -2) [potion of
                  | mutation]
 10723 | D:8      | Gained mutation: You have hidden genetic potential. [potion
                  | of mutation]
 10727 | D:8      | Lost mutation: You are agile. (Dex +4, Str/Int -1) [potion
                  | of mutation]
 10727 | D:8      | Lost mutation: You have hidden genetic potential. [potion
                  | of mutation]
 10727 | D:8      | Lost mutation: You are weak. (Str -2) [potion of mutation]
 10727 | D:8      | Gained mutation: You occasionally lose the ability to drink
                  | potions when taking damage. [potion of mutation]
 10728 | D:8      | Lost mutation: Your flesh is almost immune to the effects
                  | of heat. (rF+++) [potion of mutation]
 10728 | D:8      | Lost mutation: You occasionally lose the ability to drink
                  | potions when taking damage. [potion of mutation]
 10728 | D:8      | Gained mutation: Your muscles are strong. (Str +4, Int/Dex
                  | -1) [potion of mutation]
 10728 | D:8      | Gained mutation: Armour fits poorly on your strangely
                  | shaped body. [potion of mutation]
 10845 | D:9      | Noticed an elephant
 11019 | D:2      | Bought the ring of Morality {Fly rF++ Will+ rCorr Stlth+}
                  | for 660 gold pieces
 11585 | D:9      | Killed an elephant
 11689 | D:9      | Reached skill level 5 in Stealth
 11689 | D:9      | Reached skill level 12 in Spellcasting
 11796 | D:9      | Found a staircase to the Lair.
 12189 | D:9      | Noticed Psyche
 12191 | D:9      | Reached skill level 1 in Shields
 12195 | D:9      | Killed Psyche
 12612 | Lair:1   | Entered Level 1 of the Lair of Beasts
 12612 | Lair:1   | Found a gate leading to a gauntlet.
 12618 | Gauntlet | Entered a Gauntlet
 12618 | Gauntlet | Found a transporter.
 12629 | Gauntlet | Found a transporter.
 12631 | Gauntlet | Found a transporter.
 12644 | Gauntlet | Found a runed translucent gate.
 12644 | Gauntlet | Found a runed translucent gate.
 12644 | Gauntlet | Found a runed translucent gate.
 12647 | Gauntlet | Found a transporter.
 12650 | Gauntlet | Found a transporter.
 12655 | Gauntlet | Noticed a death scarab
 12658 | Gauntlet | Found a transporter.
 12658 | Gauntlet | Noticed a spectral catoblepas
 12660 | Gauntlet | Noticed a death scarab
 12680 | Gauntlet | Found a transporter.
 12698 | Gauntlet | Found a transporter.
 12703 | Gauntlet | Noticed an orange crystal statue
 12710 | Gauntlet | Found the dreamshard necklace {*Dream Drain}
 12710 | Gauntlet | Noticed a death yak
 12712 | Gauntlet | Found a transporter.
 12714 | Gauntlet | Noticed a death yak
 12715 | Gauntlet | Noticed a death yak
 12716 | Gauntlet | Noticed a death yak
 12730 | Gauntlet | Found a transporter.
 12735 | Gauntlet | Noticed a necromancer
 12740 | Gauntlet | Found a transporter.
 12745 | Gauntlet | Found a transporter.
 12796 | Gauntlet | Demolished by a swamp worm

Illustrated notes

Levels and vault maps discovered:
D:1:      psy_arrival_terrarium, layout_basic,
          shapermc_ecumenical_altar_mp_vishouse
D:2:      layout_loops_cross, serial_bayou_pond_d, nicolae_shop_unique_rings,
          uniq_sigmund
D:3:      layout_loops_ring, minitemple, chequers_hall_statues_y, uniq_grinder
D:4:      layout_loops_cross, nicolae_overflow_squiral,
          hangedman_decor_clover_reticule, wad_orctagon
D:5:      layout_layer_cave, minmay_temple_entry_mist, uniq_prince_ribbit1
D:6:      layout_gridville, uniq_crazy_yiuf_cottage
D:7:      layout_loops_ring, grunt_tough_drop, uniq_pikel
D:8:      layout_cave_pods, nicolae_elevator_lobby_plus
D:9:      layout_long_grid, david_lair_generic, uniq_psyche
Temple:   dpeg_chambers_temple
Lair:1:   layout_misc_corridors, serial_bayou, serial_bayou_shore_b,
          serial_bayou_pond_a, serial_bayou_crossing, serial_bayou_lagoon_a,
          gauntlet_entry_generic, cheibrodos_lair_lostbears, grunt_megastairs_3,
          uniq_joseph, uniq_fannar, uniq_harold
Gauntlet: minmay_gauntlet_77_tree [minmay_gauntlet_arena_77_radiant_squares,
          minmay_gauntlet_arena_77_p_blocks,
          minmay_gauntlet_arena_77_run_for_it, minmay_gauntlet_arena_77_museum,
          minmay_gauntlet_arena_77_mess, minmay_gauntlet_arena_77_two_lines,
          minmay_gauntlet_arena_77_tiled_triplets, gauntlet_exit_hidden_loot]

Skill      XL: |  1  2  3  4  5  6  7  8  9 10 11 |
---------------+----------------------------------+-----
Spellcasting   | 4 5 6 7 9 11 12 | 12.3
Dodging        | 3 4 |  4.1
Stealth        | 2 3 4 5 |  5.0
Fighting       | 1 |  1.7
Evocations     | 1 |  1.2
Armour         | 1 2 |  2.1
Shields        | 1 |  1.4

Action                   |  1- 3 |  4- 6 |  7- 9 | 10-12 || total
-------------------------+-------+-------+-------+-------++-------
Melee: Unarmed           |     1 |       |     1 |       ||     2
 Cast: Foxfire           |    41 |    74 |   191 |    84 ||   390
       Scorch            |     8 |    12 |    40 |    61 ||   121
       Magic Dart        |     1 |       |     1 |     3 ||     5
       Inner Flame       |       |     3 |    14 |    65 ||    82
       Flame Wave        |       |       |     4 |     5 ||     9
       Spider Form       |       |       |     1 |       ||     1
       Mephitic Cloud    |       |       |     8 |    38 ||    46
Evoke: Wand              |       |       |     6 |       ||     6
  Use: Potion            |       |       |     6 |     3 ||     9
       Scroll            |       |       |     1 |     8 ||     9
Armor: Robe              |     1 |       |    12 |     2 ||    15
       Leather armour    |       |       |       |     2 ||     2
Dodge: Dodged            |    14 |     8 |    40 |    39 ||   101
